 Dungeon Crawl Stone Soup version 0.26-a0-264-g3a471323bd (webtiles) character file.

Game seed: 8364036237010239761

82030 Niddhogr the Spear-Bearer (level 16, -1/122 HPs)
             Began as a Formicid Venom Mage on July 11, 2020.
             Was an Initiate of Gozag.
             Splashed by a lich's acid (7 damage)
             ... on level 2 of the Abyss.
             The game lasted 02:53:59 (31723 turns).

Niddhogr the Spear-Bearer (Formicid Venom Mage)    Turns: 31723, Time: 02:54:00

Health: -1/122     AC: 20    Str: 16    XL:     16   Next: 19%
Magic:  28/28      EV: 14    Int: 22    God:    Gozag
Gold:   846        SH:  6    Dex: 11    Spells: 1/31 levels left

rFire    . . .     SeeInvis +   B - +2 demon trident (elec)
rCold    . . .     Faith    .   l - +1 buckler {AC+3} {AC+3}
rNeg     . . .     Spirit   .   F - +5 leather armour of Pusedofu {Regen+ Int+3}
rPois    .         Reflect  .   (helmet unavailable)
rElec    .         Harm     .   S - scarf {+Inv}
rCorr    .                      u - +0 pair of gloves
MR       +....                  z - +2 pair of boots
Stlth    ++........             y - amulet of magic regeneration
HPRegen  0.70/turn              J - +4 ring of evasion
MPRegen  0.46/turn              Y - +4 ring of protection

@: mighty, liquid flames, stab, flying, glowing, constricted, invisible (but
backlit and visible)
A: permanent stasis, dig shafts and tunnels, four strong arms, antennae 3
a: Dig, Shaft Self, Potion Petition, Call Merchant, Bribe Branch, Renounce
Religion


You were on level 2 of the Abyss.
You worshipped Gozag.
Gozag was pleased with you.
You were not hungry.

You visited 5 branches of the dungeon, and saw 23 of its levels.
You visited the Abyss 1 time.

You collected 7825 gold pieces.
You spent 3229 gold pieces at shops.
You paid 3750 gold pieces to Gozag.

Inventory:

Hand Weapons
 B - a +2 demon trident of electrocution (weapon)
Missiles
 w - 5 javelins (quivered)
 V - 10 curare-tipped darts
 X - 384 arrows
Armour
 i - a +2 kite shield of poison resistance {rPois}
 l - a +1 buckler of protection (worn) {AC+3}
 u - a +0 pair of gloves (worn)
 v - a +0 cloak of magic resistance {MR+}
 z - a +2 pair of boots (worn)
 F - the +5 leather armour of Pusedofu (worn) {Regen+ Int+3}
   (You found it on level 6 of the Lair of Beasts)

   It affects your intelligence (+3).
   It increases your rate of regeneration.
 K - a +1 robe of resistance {rC+, rF+}
 S - a scarf of invisibility (worn)
Magical Staves
 x - an uncursed staff of wizardry {wiz+, !a}
Jewellery
 y - an amulet of magic regeneration (around neck)
 C - an uncursed ring of resist corrosion
 H - an uncursed ring of fire {rF+, rC-}
 I - the ring "Edueshrekk" {rC+ rN+ MR- Str+3 Slay+3}
   (You acquired it on level 1 of the Elven Halls)

   [ring of protection from cold]

   It affects your strength (+3).
   It affects your accuracy and damage with ranged weapons and melee attacks
   (+3).
   It protects you from cold.
   It protects you from negative energy.
   It affects your resistance to hostile enchantments.
 J - a +4 ring of evasion (left hand)
 L - an uncursed ring of magical power {MP+9}
 Y - a +4 ring of protection (right hand)
 Z - an uncursed ring of flight {unknown}
Wands
 m - a wand of polymorph (9)
 D - a wand of enslavement (6)
 M - a wand of random effects (28)
 R - a wand of paralysis (6)
Scrolls
 a - 5 scrolls of enchant weapon {unknown}
 e - 4 scrolls of fear
 g - 2 scrolls of magic mapping {unknown}
 j - 10 scrolls of remove curse
 o - 2 scrolls of amnesia
 p - 3 scrolls of blinking {unknown}
 q - a scroll of fog {unknown}
 r - a scroll of holy word {unknown}
 s - a scroll of brand weapon
 t - 2 scrolls of summoning
 N - 2 scrolls of immolation {unknown}
 O - 6 scrolls of enchant armour
 T - a scroll of vulnerability {unknown}
Potions
 b - 3 potions of cancellation
 d - 5 potions of mutation {!q}
 f - 2 potions of invisibility
 h - 2 potions of curing
 k - 3 potions of stabbing
 n - a potion of flight
 E - a potion of might
 G - a potion of resistance
 P - 4 potions of heal wounds
 U - 2 potions of lignification {!q}
 W - 4 potions of brilliance
Miscellaneous
 A - a tin of tremorstones (3/3)
Comestibles
 c - 49 rations


   Skills:
 - Level 10.0 Fighting
 - Level 14.0 Polearms
 - Level 7.3 Armour
 - Level 5.0 Dodging
 + Level 7.5 Stealth
 - Level 7.1 Shields
 - Level 8.1 Spellcasting
 - Level 8.4 Conjurations
 - Level 8.0 Hexes
 - Level 5.9 Transmutations
 - Level 10.2 Earth Magic
 - Level 9.3 Poison Magic
 - Level 5.1 Evocations


You had one spell level left.
You knew the following spells:

 Your Spells              Type           Power        Failure   Level
a - Petrify               Tmut/Erth      #####...     3%          4
b - Poisonous Vapours     Pois/Air       ####..       1%          2
c - Ignite Poison         Fire/Tmut/Pois ####....     3%          3
d - Olgreb's Toxic Radia  Pois           ######..     1%          4
e - Fulminant Prism       Conj/Hex       #####.....   3%          4
f - Stone Arrow           Conj/Erth      ######       1%          3
w - Passwall              Tmut/Erth      #####...     1%          2
x - Mephitic Cloud        Conj/Pois/Air  #####...     2%          3
z - Lee's Rapid Deconstr  Erth           ######....   3%          5

Your spell library contained the following spells:

 Spells                   Type           Power        Failure   Level
 Magic Dart               Conj           ####         1%          1
 Sandblast                Erth           ######       1%          1
 Shock                    Conj/Air       ####         1%          1
 Sting                    Tmut/Pois      ####         1%          1
 Summon Small Mammal      Summ           #...         9%          1
 Searing Ray              Conj           #####.       1%          2
 Dazzling Flash           Conj/Hex       #####.       1%          3
 Spider Form              Tmut/Pois      #####.....   1%          3
 Static Discharge         Conj/Air       ####....     4%          3
 Summon Guardian Golem    Hex/Summ       ####....     4%          3
 Alistair's Intoxication  Tmut/Pois      #####...     11%         5
 Call Imp                 Summ           #.......     13%         2
 Iskenderun's Mystic Bla  Conj/Tloc      ####....     16%         4
 Blade Hands              Tmut           #####.....   21%         5
 Call Canine Familiar     Summ           #.......     26%         3
 Recall                   Summ/Tloc      N/A          26%         3
 Borgnjor's Vile Clutch   Necr/Erth      ####......   28%         5
 Lightning Bolt           Conj/Air       ####......   41%         5
 Animate Dead             Necr           #.........   65%         4
 Summon Ice Beast         Ice/Summ       #.......     65%         4
 Summon Lightning Spire   Summ/Air       #.......     65%         4
 Death Channel            Necr           #.........   100%        6
 Simulacrum               Ice/Necr       #.........   100%        6
 Shatter                  Erth           ######....   100%        9


Dungeon Overview and Level Annotations

Branches:
Dungeon (13/15)            Temple (1/1) D:7            Lair (6/6) D:11
  Swamp (0/4) Lair:2       Spider (0/4) Lair:2        Slime (0/5) Lair:6
    Orc (2/2) D:10            Elf (1/3) Orc:2
 Vaults: D:13-14

Altars:
Ashenzari
Cheibriados
Dithmenos
Elyvilon
Fedhas
Gozag
Hepliaklqana
Kikubaaqudgha
Makhleb
Nemelex Xobeh
Okawaru
Qazlal
Ru
Sif Muna
Trog
Uskayaw
Vehumet
Wu Jian
Xom
Yredelemnul
Zin
The Shining One
Beogh

Shops:
D:4 [[   D:9 ?!?   D:10 !   D:11 [   Orc:1 *   Orc:2 [(:=[   Elf:1 *   Lair:6 [

Portals:
Hell: Lair:6

Annotations:
D:13 2 transporters, exclusion: hydra, Xotuakut's ghost, journeyman GrEE


Innate Abilities, Weirdness & Mutations

You cannot be hasted, slowed, berserked, paralysed or teleported.
You can dig through walls and to a lower floor.
Your four strong arms can wield two-handed weapons with a shield.
You have a pair of large antennae on your head. (SInv)


Message History

Okay, then. [a] - 0 gold - heal wounds, flight, stabbing and invisibility [b] - 0 gold - resistance, might and stabbing [c] - 0 gold - resistance, might, invisibility and stabbing Purchase which effect?
You feel much better.
You feel very buoyant.
You fly up into the air.
You feel ready to backstab.
You become transparent, but the glow from your liquid flames prevents you from becoming completely invisible.
You are covered in liquid flames!
The smoke demon gestures at you. The ball of steam hits you!
* * * LOW HITPOINT WARNING * * *
The lich points at you and mumbles some strange words.
The bolt of acid hits you!!!
* * * LOW HITPOINT WARNING * * *
You are splashed with acid!
You die...
Your body crumbles into a pile of gold.

# ......## .. ......#
...... . ..
..#.....#......## ##.
#........# .....# ##.[.
#.x....# #....... .....
.#..{....##.............
#....#.3##........... .
.......§L#.§#.#... ...
.......@w.e...#.......
...#...§.Xe..........
.......§x.e..........
.................. ..
#................... #
#................. x..
#...!.......$.......
....................
......# .......


You could see a tentacled starspawn, a lich (fast), a deep elf archer (summoned,
repels missiles), a deep elf knight (summoned), a deep elf mage (summoned), a
worldbinder, a smoke demon and a starspawn tentacle.

Levels and vault maps discovered:
D:1:      eino_arrival_water_star, layout_basic, kennysheep_decorative_pillar
D:2:      layout_basic, chequers_ecumenical_altar_twisty, uniq_terence,
          uniq_sigmund
D:3:      layout_loops_cross
D:4:      layout_loops_ring, nicolae_gozag_seed_capital,
          nicolae_ru_great_annihilating_truth, gammafunk_ghost_arena,
          first_ration, serial_shops, shop, nicolae_shop_behind_doors,
          minmay_crystal_room
D:5:      layout_gridville, uniq_menkaure
D:6:      kennysheep_six_static_rooms, layout_basic, ebering_ghost_sewer_f,
          uniq_blork_the_orc
D:7:      layout_rooms, minmay_temple_entry_wispy, serial_curves,
          eino_curves_04, eino_curves_02, hangedman_abyss_or_decor_lesser_grid
D:8:      layout_loops_ring, elyvilon_altar_5, grunt_pizzeria, st_stairs_6,
          uniq_maggie, uniq_harold
D:9:      layout_roguey, lemuel_crystal_altar, serial_shops, nicolae_shop_trees,
          nicolae_shop_waterfront, nicolae_shop_stone
D:10:     nrook_guardian_serpent_snake_passage, layout_basic, serial_shops,
          shop, grunt_dithmenos_shadows
D:11:     due_megacathedral, layout_basic, lair_entry_dummy
D:12:     layout_layer_cave, uniq_rupert, uniq_gastronok
D:13:     minmay_s_stair_smasher, layout_basic, gammafunk_ghost_stat_death,
          basic_altar, serial_shops, shop
Temple:   compressed_dpeg_circular_temple
Lair:1:   layout_regular_city, beast_lair_carwin_1
Lair:2:   layout_layer_cave, skrybe_swamp_entry_bodies, spider_nest_entry_a,
          chequers_serial_rivers_micro_e
Lair:3:   layout_gridlike, grunt_megastairs_2, lemuel_fruit_tree
Lair:4:   layout_cave_pods
Lair:5:   layout_cave_pods
Lair:6:   evil_forest, layout_small_grid, slime_dummy
Orc:1:    layout_caves, basic_altar, mines_bat_river
Orc:2:    grunt_orc_community_town_hall, layout_caves,
          grunt_orc_community_big_house_2, grunt_orc_community_big_house_2,
          grunt_orc_community_house_1, grunt_orc_community_house_1,
          grunt_orc_community_house_1, grunt_orc_community_house_1,
          grunt_orc_community_house_1, grunt_orc_community_house_2
Elf:1:    elf_arrival_001, layout_gridlike, serial_shops, shop,
          minmay_elf_necromancy, uniq_asterion
Abyss:2:  base: Lair:6, evilmike_abyss_exit_kraken,
          gammafunk_abyss_exit_x_factor

Notes
Turn   | Place    | Note
-------+----------+-------------------------------------------
     0 | D:1      | Niddhogr the Formicid Venom Mage began the quest for the
                  | Orb.
     0 | D:1      | Reached XP level 1. HP: 13/13 MP: 3/3
    74 | D:1      | Identified a +0 short sword
   206 | D:1      | Reached XP level 2. HP: 10/19 MP: 0/5
   210 | D:1      | Learned a level 2 spell: Poisonous Vapours
   450 | D:1      | Identified a +0 club
   477 | D:1      | Identified a +0 club
   481 | D:1      | Identified a +0 club
   511 | D:1      | Identified a +0 club
   515 | D:1      | Reached skill level 5 in Poison Magic
  1078 | D:2      | Reached XP level 3. HP: 24/24 MP: 4/6
  1202 | D:2      | Found a faded altar of an unknown god.
  1206 | D:2      | Identified a +0 club
  1229 | D:2      | Identified an uncursed amulet of guardian spirit (You found
                  | it on level 2 of the Dungeon)
  1307 | D:2      | Identified a cursed -2 club
  1374 | D:2      | Identified a +0 spear (You found it on level 2 of the
                  | Dungeon)
  1392 | D:2      | Reached skill level 6 in Poison Magic
  1449 | D:2      | Reached XP level 4. HP: 24/30 MP: 7/7
  1581 | D:2      | Identified a +0 short sword
  1581 | D:2      | Identified a +0 chain mail
  1581 | D:2      | Noticed Terence
  1606 | D:2      | Killed Terence
  1606 | D:2      | Reached skill level 1 in Polearms
  1770 | D:2      | Identified a +0 scythe
  1770 | D:2      | Identified a +1 robe of positive energy
  1770 | D:2      | Noticed Sigmund
  2261 | D:3      | Reached XP level 5. HP: 33/35 MP: 3/8
  2446 | D:3      | Identified a cursed -2 club
  2516 | D:3      | Identified a +0 flail
  2516 | D:3      | Identified a +0 halberd
  2522 | D:3      | Learned a level 3 spell: Mephitic Cloud
  2540 | D:3      | Reached skill level 2 in Polearms
  2910 | D:3      | Identified a cursed -3 club
  2986 | D:3      | Identified a +0 whip
  2986 | D:3      | Identified a +0 flail
  2986 | D:3      | Identified a +0 leather armour
  2988 | D:3      | Identified a cursed -1 club
  2988 | D:3      | Identified a +0 scale mail
  2992 | D:3      | Reached skill level 7 in Poison Magic
  2993 | D:3      | Identified a +0 flail
  3231 | D:3      | Identified 3 scrolls of identify
  3231 | D:3      | Identified 2 potions of cancellation
  3232 | D:3      | Identified 2 scrolls of fear
  3248 | D:3      | Reached XP level 6. HP: 41/41 MP: 5/9
  3293 | D:3      | Identified a +0 pair of gloves (You found it on level 3 of
                  | the Dungeon)
  3580 | D:2      | Killed Sigmund
  3580 | D:2      | Reached skill level 3 in Polearms
  3612 | D:2      | Identified a potion of mutation
  3749 | D:4      | Reached skill level 8 in Poison Magic
  3749 | D:4      | Reached XP level 7. HP: 46/46 MP: 10/10
  3751 | D:4      | Found Def Zehu's Antique Armour Boutique.
  3778 | D:4      | Identified a +0 club
  3786 | D:4      | Identified a +0 giant club
  3866 | D:4      | Reached skill level 4 in Polearms
  3992 | D:4      | Identified a potion of haste
  4016 | D:4      | Identified a +0 giant club
  4090 | D:4      | Found Ysapew's Armour Shop.
  4301 | D:4      | HP: 11/46 [bullfrog skeleton (3)]
  4304 | D:4      | Reached skill level 9 in Poison Magic
  4338 | D:4      | Reached skill level 5 in Polearms
  4556 | D:4      | Reached XP level 8. HP: 52/52 MP: 8/11
  4611 | D:4      | Learned a level 3 spell: Ignite Poison
  4666 | D:4      | Found a transporter.
  4666 | D:4      | Identified a +0 dagger
  4666 | D:4      | Identified a +0 robe
  4676 | D:4      | Noticed anet's ghost (amateur DENe)
  4773 | D:4      | Found a sacrificial altar of Ru.
  4773 | D:4      | Identified a +0 dagger
  4773 | D:4      | Identified a +0 robe
  4956 | D:4      | Found a transporter.
  4959 | D:4      | Found an opulent altar of Gozag.
  5388 | D:5      | Entered Level 5 of the Dungeon
  5388 | D:5      | Identified a +0 shortbow
  5398 | D:5      | Reached skill level 3 in Spellcasting
  5552 | D:5      | Identified a +0 giant club
  5570 | D:5      | Reached skill level 6 in Polearms
  5785 | D:5      | Identified a +0 giant spiked club
  5963 | D:5      | Reached skill level 4 in Spellcasting
  6009 | D:5      | Identified 2 potions of curing
  6015 | D:5      | Learned a level 4 spell: Olgreb's Toxic Radiance
  6022 | D:5      | Identified 2 scrolls of remove curse
  6050 | D:5      | Noticed Menkaure
  6279 | D:5      | Reached skill level 1 in Conjurations
  6446 | D:6      | Identified a +0 shortbow
  6595 | D:6      | Identified a +0 shortbow
  6609 | D:6      | Reached skill level 2 in Conjurations
  6609 | D:6      | Reached XP level 9. HP: 32/57 MP: 3/15
  6609 | D:6      | Identified a +0 trident
  6609 | D:6      | Identified a +0 robe
  6609 | D:6      | Noticed Blork the orc
  6764 | D:6      | Killed Blork the orc
  6764 | D:6      | Reached skill level 7 in Polearms
  6923 | D:6      | Found a runed translucent door.
  6927 | D:6      | Noticed hemabe71's ghost (novice HuAr)
  6967 | D:6      | Reached skill level 3 in Conjurations
  7291 | D:6      | Identified a +0 rapier
  7291 | D:6      | Identified a +0 shortbow
  7294 | D:6      | Identified a +0 glaive
  7294 | D:6      | Identified a +0 plate armour
  7555 | D:6      | Identified a +0 falchion
  7556 | D:6      | Identified a +0 flail
  7556 | D:6      | Identified a +0 chain mail
  7559 | D:6      | Identified a +0 club
  7560 | D:6      | Identified a +0 club
  7560 | D:6      | Identified a +3 dagger
  7684 | D:6      | Reached skill level 8 in Polearms
  7684 | D:6      | Reached skill level 4 in Conjurations
  7933 | D:6      | Identified a +0 club
  7933 | D:6      | Identified a +0 leather armour
  7942 | D:6      | Found a runed translucent door.
  8009 | D:6      | Identified a +0 chain mail
  8459 | D:7      | Identified a +0 dagger
  8459 | D:7      | Identified a +0 robe
  8462 | D:7      | Identified a +0 giant club
  8463 | D:7      | Identified a +0 dagger
  8463 | D:7      | Identified a +0 robe
  8465 | D:7      | Reached skill level 5 in Conjurations
  8472 | D:7      | Reached skill level 1 in Evocations
  8474 | D:7      | Identified a +0 short sword
  8507 | D:7      | Reached XP level 10. HP: 49/63 MP: 7/16
  8513 | D:7      | Learned a level 4 spell: Fulminant Prism
  8629 | D:7      | Found a staircase to the Ecumenical Temple.
  8642 | Temple   | Entered the Ecumenical Temple
  8833 | D:4      | Became a worshipper of Gozag Ym Sagoz the Greedy
  8861 | D:4      | Bought a pair of runed boots for 165 gold pieces
  8866 | D:4      | Identified a +2 pair of boots (You bought it in a shop on
                  | level 4 of the Dungeon)
  8984 | D:7      | Reached skill level 9 in Polearms
  8984 | D:7      | Reached skill level 2 in Evocations
  9203 | D:7      | Identified a +0 shortbow
  9210 | D:7      | HP: 10/63 [centaur/arrow (7)]
  9510 | D:7      | Identified a +0 cloak (You found it on level 7 of the
                  | Dungeon)
  9545 | D:7      | Reached skill level 3 in Evocations
  9687 | D:7      | Identified a +0 leather armour
  9687 | D:7      | Identified a +0 dagger
  9687 | D:7      | Identified a +0 robe
  9688 | D:7      | Identified a +2 dagger of draining
  9688 | D:7      | Identified a +0 robe
  9688 | D:7      | Identified a +0 dagger
  9718 | D:7      | Identified a +2 leather armour of cold resistance (You
                  | found it on level 7 of the Dungeon)
  9902 | D:8      | Identified a +0 giant spiked club
 10033 | D:8      | Reached skill level 4 in Evocations
 10129 | D:8      | Identified a +0 shortbow
 10129 | D:8      | Identified a +2 vorpal trident
 10129 | D:8      | Identified a +0 flail
 10130 | D:8      | Identified a +0 ring mail
 10141 | D:8      | HP: 14/63 [hound (2)]
 10142 | D:8      | Identified a +0 halberd
 10142 | D:8      | Identified a +0 robe
 10142 | D:8      | Identified a +0 dagger
 10142 | D:8      | Identified a +0 robe
 10144 | D:8      | Identified a cursed +0 scimitar
 10144 | D:8      | Identified a +0 robe
 10163 | D:8      | Identified a +0 club
 10165 | D:8      | Identified a +0 club
 10165 | D:8      | Identified a +0 leather armour
 10165 | D:8      | Identified a +0 dagger
 10165 | D:8      | Identified an uncursed ring of resist corrosion
 10180 | D:8      | Identified a +0 dagger
 10180 | D:8      | Identified a +0 robe
 10200 | D:8      | Identified a cursed +0 morningstar
 10200 | D:8      | Identified a +1 robe of resistance
 10443 | D:8      | Identified a +3 morningstar of pain
 10443 | D:8      | Identified +0 acid dragon scales
 10443 | D:8      | Noticed Maggie
 10453 | D:8      | Identified a +0 giant spiked club
 10455 | D:8      | Killed Maggie
 10455 | D:8      | Reached skill level 5 in Evocations
 10517 | D:8      | Reached skill level 10 in Polearms
 10517 | D:8      | Reached skill level 1 in Hexes
 10836 | D:8      | Identified a +2 war axe of electrocution
 10836 | D:8      | Identified a +0 chain mail
 10836 | D:8      | Noticed Harold
 10847 | D:8      | Reached skill level 1 in Fighting
 10855 | D:8      | Reached skill level 2 in Hexes
 10858 | D:8      | Identified a +0 dagger
 10858 | D:8      | Identified a +0 robe
 10859 | D:8      | Identified a +0 war axe
 10859 | D:8      | Identified a +0 plate armour
 10867 | D:8      | Identified a +0 giant club
 10867 | D:8      | Identified a +0 dire flail
 10867 | D:8      | Noticed a two-headed ogre
 10874 | D:8      | HP: 14/66 [bullfrog (5)]
 10881 | D:8      | Found a white marble altar of Elyvilon.
 11231 | D:8      | Identified a +0 rapier
 11252 | D:8      | Reached skill level 2 in Fighting
 11363 | D:8      | Reached skill level 3 in Hexes
 11469 | D:8      | Reached skill level 3 in Fighting
 11549 | D:8      | Identified a +4 ring of evasion
 11553 | D:8      | Identified a +0 mace
 11553 | D:8      | Identified a +0 leather armour
 11553 | D:8      | Identified a +0 dagger
 11566 | D:8      | Identified a +0 hand axe
 11566 | D:8      | Identified a +0 plate armour of magic resistance
 11566 | D:8      | Identified a +0 club
 11591 | D:8      | Reached skill level 4 in Hexes
 11875 | D:8      | Killed Harold
 11875 | D:8      | Reached skill level 4 in Fighting
 11875 | D:8      | Reached skill level 5 in Hexes
 11875 | D:8      | Reached XP level 11. HP: 78/78 MP: 1/17
 12276 | D:8      | Killed a two-headed ogre
 12276 | D:8      | Reached skill level 5 in Fighting
 12276 | D:8      | Reached skill level 6 in Hexes
 12449 | D:6      | Killed hemabe71's ghost
 12449 | D:6      | Reached skill level 2 in Armour
 12497 | D:6      | Identified a ring of dexterity (You found it on level 6 of
                  | the Dungeon)
 12713 | D:5      | Killed Menkaure
 12786 | D:4      | Killed anet's ghost
 12965 | D:9      | Identified a +0 giant club
 13064 | D:9      | Identified a +0 shortbow
 13077 | D:9      | Reached skill level 5 in Spellcasting
 13081 | D:9      | Reached skill level 3 in Armour
 13099 | D:9      | Identified a +0 dagger
 13108 | D:9      | Identified a +0 dagger
 13108 | D:9      | Identified a +0 robe
 13108 | D:9      | Identified a +0 hand axe
 13108 | D:9      | Identified a +0 ring mail
 13206 | D:9      | Identified a +0 giant spiked club
 13230 | D:9      | Found Vyublil's Magic Scroll Boutique.
 13242 | D:9      | Bought a scroll of identify for 34 gold pieces
 13242 | D:9      | Bought a scroll of identify for 34 gold pieces
 13242 | D:9      | Identified 2 scrolls of noise
 13243 | D:9      | Identified 2 potions of invisibility
 13299 | D:9      | Noticed a green ugly thing
 13321 | D:9      | Killed a white ugly thing
 13442 | D:9      | Identified a +0 dagger
 13442 | D:9      | Identified a +0 robe
 13452 | D:9      | Identified a +1 whip of flaming
 13452 | D:9      | Identified a +0 leather armour
 13466 | D:9      | Identified a +0 club
 13470 | D:9      | Identified a +0 club
 13472 | D:9      | Reached skill level 4 in Armour
 13495 | D:9      | Identified a +0 short sword
 13496 | D:9      | Identified a +0 dagger
 13496 | D:9      | Identified a +0 leather armour
 13496 | D:9      | Identified a +0 short sword
 13497 | D:9      | Identified a +0 short sword
 13497 | D:9      | Identified a +2 vampiric dagger
 13498 | D:9      | Found Emidudd's Distillery.
 13528 | D:9      | Bought a potion of curing for 42 gold pieces
 13528 | D:9      | Bought a potion of mutation for 112 gold pieces
 13528 | D:9      | Bought a potion of might for 56 gold pieces
 13614 | D:9      | Found Etat's Magic Scroll Emporium.
 13729 | D:9      | Found an ornate altar of the Wu Jian Council.
 13771 | D:9      | Bought a scroll of identify for 26 gold pieces
 13771 | D:9      | Bought a scroll of identify for 26 gold pieces
 13771 | D:9      | Bought a scroll of identify for 26 gold pieces
 13771 | D:9      | Identified 3 scrolls of enchant armour
 13772 | D:9      | Identified 2 potions of heal wounds
 13773 | D:9      | Identified 3 scrolls of teleportation
 13897 | D:9      | Identified a +0 quarterstaff
 14182 | D:10     | Entered Level 10 of the Dungeon
 14209 | D:10     | HP: 10/81 [fulminant prism[the player character] (21)]
 14215 | D:10     | Reached skill level 6 in Spellcasting
 14484 | D:10     | Identified a +0 short sword
 14486 | D:10     | Identified a +0 short sword
 14502 | D:10     | Identified a +0 short sword
 14526 | D:10     | Reached skill level 5 in Armour
 14528 | D:10     | Reached skill level 2 in Dodging
 14844 | D:10     | Identified a +0 giant spiked club
 14844 | D:10     | Identified a +0 giant spiked club
 14844 | D:10     | Noticed a two-headed ogre
 14858 | D:10     | Killed a two-headed ogre
 14874 | D:10     | Reached skill level 3 in Dodging
 14883 | D:10     | Identified 2 potions of brilliance
 15033 | D:10     | Found Tusic's Distillery.
 15036 | D:10     | Bought a potion of heal wounds for 60 gold pieces
 15172 | D:10     | Identified a +0 dagger
 15214 | D:10     | Found a staircase to the Orcish Mines.
 15380 | D:10     | Reached XP level 12. HP: 87/87 MP: 14/22
 15384 | D:10     | Reached skill level 7 in Spellcasting
 15628 | D:10     | Identified a +0 mace
 15650 | D:10     | Reached skill level 4 in Dodging
 15656 | D:10     | Found a shadowy altar of Dithmenos.
 15945 | D:10     | Identified an uncursed amulet of the acrobat (You found it
                  | on level 10 of the Dungeon)
 16112 | D:10     | Identified a ring of protection (You found it on level 10
                  | of the Dungeon)
 16181 | D:11     | Identified a +0 shortbow
 16320 | D:11     | Noticed a five-headed hydra
 16427 | D:11     | Reached skill level 8 in Spellcasting
 16452 | D:11     | Identified a +0 club
 16459 | D:11     | Identified a +0 hand axe
 16460 | D:11     | Reached skill level 5 in Dodging
 16461 | D:11     | Identified a +0 dagger
 16461 | D:11     | Identified a +0 robe
 16642 | D:11     | Found a staircase to the Lair.
 16648 | D:11     | Identified 2 potions of lignification
 16673 | D:11     | Reached skill level 7 in Hexes
 16964 | D:11     | Identified a +0 dagger
 16987 | D:11     | Killed a five-headed hydra
 16987 | D:11     | Reached skill level 8 in Hexes
 17184 | D:11     | Bought a runed buckler for 195 gold pieces
 17184 | D:11     | Bought an embroidered cloak for 195 gold pieces
 17203 | D:11     | Identified a +0 cloak of magic resistance (You bought it in
                  | a shop on level 11 of the Dungeon)
 17209 | D:11     | Identified a +1 buckler of protection (You bought it in a
                  | shop on level 11 of the Dungeon)
 17226 | D:11     | Identified a +0 giant club
 17229 | D:11     | Found a glowing golden altar of the Shining One.
 17237 | D:11     | Reached skill level 1 in Shields
 17264 | D:11     | Found a shimmering altar of Xom.
 17318 | D:11     | Found a runed translucent door.
 17328 | D:11     | Found a hazy altar of Hepliaklqana.
 17333 | D:11     | Reached skill level 2 in Shields
 17566 | D:11     | Noticed a flayed ghost
 17592 | D:11     | Reached skill level 3 in Stealth
 17602 | D:11     | Found a glowing golden altar of the Shining One.
 17669 | D:11     | Found a sparkling altar of Nemelex Xobeh.
 17791 | D:11     | Found a sparkling altar of Nemelex Xobeh.
 17805 | D:11     | Reached skill level 6 in Conjurations
 17856 | D:11     | Killed a flayed ghost
 17856 | D:11     | Reached skill level 4 in Stealth
 17871 | D:11     | Identified Sif Muna's Reference Book on Transmutation
 18226 | D:12     | Identified a +0 club
 18226 | D:12     | Identified a +0 ring mail
 18227 | D:12     | Identified a +0 dagger
 18229 | D:12     | Identified a +0 scimitar
 18229 | D:12     | Identified a +0 chain mail
 18231 | D:12     | Identified a +0 club
 18231 | D:12     | Identified a +0 leather armour
 18314 | D:12     | Identified a ring of fire (You found it on level 12 of the
                  | Dungeon)
 18378 | D:12     | Identified a +2 vorpal great mace
 18378 | D:12     | Identified a +0 chain mail
 18378 | D:12     | Noticed Rupert
 18400 | D:12     | Killed Rupert
 18400 | D:12     | Reached skill level 6 in Stealth
 18400 | D:12     | Reached skill level 7 in Conjurations
 18400 | D:12     | Reached XP level 13. HP: 30/93 MP: 1/25
 18485 | D:12     | Identified a +0 club
 18485 | D:12     | Identified a +0 ring mail
 18486 | D:12     | Identified a +0 hand axe
 18487 | D:12     | Identified a +0 short sword
 18488 | D:12     | Identified a +0 mace
 18488 | D:12     | Identified a +0 leather armour
 18490 | D:12     | Identified a +0 hand axe
 18490 | D:12     | Identified a +0 leather armour
 18723 | D:12     | Identified a +0 falchion
 18723 | D:12     | Identified a +0 leather armour
 18724 | D:12     | Identified a +0 leather armour
 18724 | D:12     | Identified a +0 mace
 18724 | D:12     | Identified a +0 leather armour
 18725 | D:12     | Identified a +0 club
 18731 | D:12     | Identified a +0 dagger
 18732 | D:12     | Identified a +0 hand axe
 18732 | D:12     | Identified a +0 leather armour
 18740 | D:12     | Reached skill level 7 in Stealth
 18754 | D:12     | Identified a +0 mace
 18754 | D:12     | Identified a +0 robe
 18756 | D:12     | Identified a +3 trident
 18759 | D:12     | Identified a cursed +0 great sword
 18759 | D:12     | Identified a +0 robe
 18792 | D:12     | Identified a cursed -2 war axe
 18792 | D:12     | Identified a +0 robe
 18804 | D:12     | Identified a +3 mace
 18804 | D:12     | Identified a +0 robe
 18811 | D:12     | Noticed Gastronok
 18827 | D:12     | Identified a cursed +4 spear
 18827 | D:12     | Identified a +0 robe
 18841 | D:12     | Identified a +0 halberd
 18841 | D:12     | Identified a +0 chain mail
 18848 | D:12     | Identified a +2 vorpal hand axe
 19160 | D:12     | Learned a level 2 spell: Passwall
 19164 | D:12     | Learned a level 3 spell: Stone Arrow
 19170 | D:12     | Learned a level 5 spell: Lee's Rapid Deconstruction
 19234 | D:12     | Identified 2 potions of stabbing
 19290 | D:12     | Killed Gastronok
 19290 | D:12     | Reached skill level 3 in Earth Magic
 19895 | D:12     | Identified an uncursed amulet of magic regeneration (You
                  | found it on level 12 of the Dungeon)
 19930 | D:13     | Identified a +0 giant spiked club
 19930 | D:13     | Identified a +0 giant club
 19936 | D:13     | Reached skill level 8 in Conjurations
 19936 | D:13     | Reached skill level 4 in Earth Magic
 20070 | D:13     | Found a transporter.
 20073 | D:13     | Noticed Xotuakut's ghost (journeyman GrEE)
 20091 | D:13     | Found a transporter.
 20099 | D:13     | Noticed a six-headed hydra
 20114 | D:13     | Identified a +0 giant club
 20127 | D:13     | Identified a +0 mace
 20200 | Lair:1   | Entered Level 1 of the Lair of Beasts
 20217 | Lair:1   | Identified a potion of resistance
 20351 | Lair:1   | Reached skill level 5 in Earth Magic
 20553 | Lair:1   | Identified a ring of magical power (You found it on level 1
                  | of the Lair of Beasts)
 20611 | Lair:1   | Reached skill level 6 in Earth Magic
 20848 | Lair:1   | Identified a potion of magic
 20974 | Lair:1   | Identified a potion of degeneration
 21026 | Lair:1   | Identified a potion of flight
 21200 | Lair:1   | Noticed a six-headed hydra
 21219 | Lair:1   | Killed a six-headed hydra
 21413 | Lair:2   | Identified 3 scrolls of amnesia
 21520 | Lair:2   | Reached skill level 7 in Earth Magic
 21718 | Lair:2   | Reached skill level 11 in Polearms
 21801 | Lair:2   | Found a hole to the Spider Nest.
 22011 | Lair:2   | Noticed a four-headed hydra
 22037 | Lair:2   | Killed a four-headed hydra
 22037 | Lair:2   | Reached XP level 14. HP: 97/99 MP: 3/26
 22575 | Lair:2   | Reached skill level 8 in Earth Magic
 22600 | Lair:2   | Found a staircase to the Swamp.
 22609 | Lair:2   | Identified a potion of berserk rage
 23389 | Lair:3   | Reached skill level 9 in Earth Magic
 23588 | Lair:3   | Identified a ring of see invisible (You found it on level 3
                  | of the Lair of Beasts)
 24133 | Lair:4   | Reached skill level 12 in Polearms
 24499 | Lair:4   | Reached skill level 10 in Earth Magic
 24815 | Lair:4   | Reached skill level 6 in Fighting
 25817 | Lair:5   | Reached skill level 7 in Fighting
 25817 | Lair:5   | Reached skill level 13 in Polearms
 26323 | Lair:5   | Identified a scroll of brand weapon
 26339 | Lair:5   | Reached XP level 15. HP: 110/110 MP: 17/27
 26601 | Lair:5   | Reached skill level 8 in Fighting
 27131 | Lair:5   | Learned a level 4 spell: Petrify
 27132 | Lair:6   | Entered Level 6 of the Lair of Beasts
 27214 | Lair:6   | Bought a scarf of invisibility for 216 gold pieces
 27643 | Lair:6   | Reached skill level 9 in Fighting
 27670 | Lair:6   | Got a smoking leather armour
 27681 | Lair:6   | Identified the +5 leather armour of Pusedofu {Regen+ Int+3}
                  | (You found it on level 6 of the Lair of Beasts)
 28041 | Lair:6   | Reached skill level 14 in Polearms
 28083 | Lair:6   | Found a staircase to the Slime Pits.
 28188 | Lair:6   | Reached skill level 2 in Transmutations
 28502 | Lair:6   | Reached skill level 10 in Fighting
 28544 | Lair:6   | Identified a +0 dagger
 28544 | Lair:6   | Identified a +1 robe of fire resistance
 28555 | Lair:6   | Reached skill level 3 in Transmutations
 28582 | Lair:6   | Found a burning altar of Makhleb.
 28605 | Lair:6   | Identified a +2 demon trident of electrocution
 28750 | Lair:6   | Reached skill level 4 in Transmutations
 28795 | Lair:6   | Found a gateway to Hell.
 28802 | Lair:6   | Identified the Compendium of Dusty Weightlessness
 29271 | Orc:1    | Entered Level 1 of the Orcish Mines
 29274 | Orc:1    | Bought a scroll of identify for 60 gold pieces
 29274 | Orc:1    | Bought a scroll labeled BUIDWU QERASSY for 30 gold pieces
 29279 | Orc:1    | Identified a +0 halberd
 29279 | Orc:1    | Identified a +0 plate armour
 29280 | Orc:1    | Identified a +0 ring mail
 29285 | Orc:1    | Identified a +0 leather armour
 29287 | Orc:1    | Identified a +0 whip
 29391 | Orc:1    | Identified a +0 glaive
 29391 | Orc:1    | Identified a +0 plate armour
 29393 | Orc:1    | Identified a +0 flail
 29393 | Orc:1    | Identified a +0 scale mail
 29403 | Orc:1    | Identified a +0 leather armour
 29404 | Orc:1    | Identified a +0 whip
 29406 | Orc:1    | Identified a +2 shortbow of freezing
 29409 | Orc:1    | Identified a +3 war axe of freezing
 29409 | Orc:1    | Identified a +0 plate armour
 29411 | Orc:1    | Reached skill level 6 in Armour
 29413 | Orc:1    | Identified a +0 dagger
 29413 | Orc:1    | Identified a +0 robe
 29432 | Orc:1    | Identified a +1 shortbow of flaming
 29691 | Orc:1    | Noticed a stone giant
 29710 | Orc:1    | Found a roughly hewn altar of Beogh.
 29813 | Orc:1    | Identified a +0 mace
 29815 | Orc:1    | Identified a +0 flail
 29816 | Orc:1    | Identified a +2 halberd of pain
 29816 | Orc:1    | Identified a +0 chain mail
 29816 | Orc:1    | Noticed an orc warlord
 29816 | Orc:1    | Identified a +2 mace of protection
 29816 | Orc:1    | Identified a +0 plate armour
 29817 | Orc:1    | Identified a +0 hand axe
 29817 | Orc:1    | Identified a +0 ring mail
 29817 | Orc:1    | Identified a +0 dagger
 29817 | Orc:1    | Identified a +0 robe
 29818 | Orc:1    | Identified a cursed +0 short sword
 29840 | Orc:1    | Killed an orc warlord
 29840 | Orc:1    | Reached skill level 5 in Transmutations
 29879 | Orc:1    | Noticed a stone giant
 29887 | Orc:1    | Killed a stone giant
 30138 | Orc:2    | Entered Level 2 of the Orcish Mines
 30138 | Orc:2    | Identified a +0 battleaxe
 30138 | Orc:2    | Identified a +0 plate armour
 30138 | Orc:2    | Identified a +0 whip
 30138 | Orc:2    | Identified a +0 dagger
 30138 | Orc:2    | Identified a +0 vorpal trident
 30138 | Orc:2    | Identified a +0 plate armour
 30138 | Orc:2    | Identified a +0 mace
 30138 | Orc:2    | Identified a +0 leather armour
 30139 | Orc:2    | Identified a +0 dagger
 30139 | Orc:2    | Identified a +0 ring mail
 30139 | Orc:2    | Identified a +0 club
 30139 | Orc:2    | Identified a +0 ring mail
 30205 | Orc:2    | Identified a +0 giant club
 30206 | Orc:2    | Identified a +0 whip of electrocution
 30206 | Orc:2    | Identified a +0 ring mail
 30207 | Orc:2    | Identified a +0 hand axe
 30207 | Orc:2    | Identified a +0 chain mail
 30207 | Orc:2    | Identified a +0 falchion
 30207 | Orc:2    | Identified a +0 hand axe
 30210 | Orc:2    | Identified a +0 dagger
 30210 | Orc:2    | Identified a +0 robe
 30213 | Orc:2    | Reached skill level 7 in Armour
 30214 | Orc:2    | Identified a +0 giant spiked club
 30215 | Orc:2    | Identified a +3 dagger
 30215 | Orc:2    | Identified a +0 robe
 30286 | Orc:2    | Identified a +0 trident
 30286 | Orc:2    | Identified a +3 scale mail
 30287 | Orc:2    | Identified a +0 short sword of electrocution
 30287 | Orc:2    | Identified a +0 leather armour
 30302 | Orc:2    | Found a roughly hewn altar of Beogh.
 30302 | Orc:2    | Identified a +0 short sword
 30302 | Orc:2    | Identified a +0 leather armour
 30303 | Orc:2    | Identified a +0 leather armour
 30303 | Orc:2    | Identified a +0 war axe
 30303 | Orc:2    | Identified a +0 chain mail
 30315 | Orc:2    | Identified a cursed -1 short sword
 30315 | Orc:2    | Identified a +0 chain mail
 30317 | Orc:2    | Identified a +0 flail
 30317 | Orc:2    | Identified a +0 plate armour
 30330 | Orc:2    | Found Tonoh's Book Shop.
 30382 | Orc:2    | Found a roughly hewn altar of Beogh.
 30382 | Orc:2    | Identified a +0 chain mail
 30382 | Orc:2    | Identified a +0 war axe
 30382 | Orc:2    | Identified a +0 leather armour
 30382 | Orc:2    | Identified a +0 dire flail
 30382 | Orc:2    | Identified a +0 chain mail
 30384 | Orc:2    | Identified a +0 dagger
 30384 | Orc:2    | Identified a +0 leather armour
 30384 | Orc:2    | Identified a +0 short sword
 30448 | Orc:2    | Identified a +0 giant club
 30459 | Orc:2    | Identified a +0 dagger
 30459 | Orc:2    | Identified a +0 scale mail
 30459 | Orc:2    | Identified a +2 morningstar of protection
 30459 | Orc:2    | Identified a +0 scale mail
 30459 | Orc:2    | Identified a +0 dagger
 30460 | Orc:2    | Identified a +0 giant spiked club
 30462 | Orc:2    | Identified a +0 war axe
 30462 | Orc:2    | Identified a +0 plate armour
 30462 | Orc:2    | Identified a +0 hand axe
 30462 | Orc:2    | Identified a +0 ring mail
 30567 | Orc:2    | Identified a +0 dagger
 30568 | Orc:2    | Identified a +0 dagger
 30568 | Orc:2    | Identified a +0 robe
 30569 | Orc:2    | Identified a +0 flail
 30569 | Orc:2    | Identified a +0 scale mail
 30570 | Orc:2    | Identified a +0 falchion
 30570 | Orc:2    | Identified a +0 leather armour
 30571 | Orc:2    | Identified a +0 dagger
 30571 | Orc:2    | Identified a +0 robe
 30571 | Orc:2    | Identified a +0 club
 30572 | Orc:2    | Identified a +0 whip
 30572 | Orc:2    | Identified a +0 leather armour
 30573 | Orc:2    | Identified a +0 scimitar
 30573 | Orc:2    | Identified a +0 chain mail
 30575 | Orc:2    | Identified a +0 flail
 30575 | Orc:2    | Identified a +0 whip
 30581 | Orc:2    | Identified a +2 dagger of draining
 30581 | Orc:2    | Identified a +0 robe
 30582 | Orc:2    | Identified a +0 club
 30584 | Orc:2    | Identified a +0 trident
 30584 | Orc:2    | Identified a +0 chain mail
 30585 | Orc:2    | Identified a +0 hand axe
 30585 | Orc:2    | Identified a +0 dire flail
 30585 | Orc:2    | Identified a +0 chain mail
 30590 | Orc:2    | Identified a +0 falchion
 30678 | Orc:2    | Identified a +0 dagger
 30678 | Orc:2    | Identified a +0 leather armour
 30678 | Orc:2    | Identified a +0 falchion
 30678 | Orc:2    | Identified a +0 leather armour
 30678 | Orc:2    | Identified a +0 dagger
 30678 | Orc:2    | Identified a +0 robe
 30678 | Orc:2    | Identified a +4 dagger
 30678 | Orc:2    | Identified a +0 robe
 30715 | Orc:2    | Identified a +0 short sword
 30716 | Orc:2    | Identified a +0 short sword
 30716 | Orc:2    | Identified a +0 ring mail
 30717 | Orc:2    | Identified a +0 dire flail
 30717 | Orc:2    | Identified a +0 chain mail
 30718 | Orc:2    | Identified a +0 dagger
 30718 | Orc:2    | Identified a +0 robe
 30718 | Orc:2    | Identified a +0 short sword
 30718 | Orc:2    | Identified a +0 ring mail
 30759 | Orc:2    | Found a staircase to the Elven Halls.
 30769 | Orc:2    | Found a roughly hewn altar of Beogh.
 30769 | Orc:2    | Identified a +0 dagger
 30769 | Orc:2    | Identified a +0 robe
 30769 | Orc:2    | Identified a +1 flail of protection
 30769 | Orc:2    | Identified a +0 ring mail
 30769 | Orc:2    | Identified a +0 club
 30853 | Orc:2    | Identified a +0 flail
 30853 | Orc:2    | Identified a +0 leather armour
 30853 | Orc:2    | Identified a +0 scimitar
 30853 | Orc:2    | Identified a +0 plate armour
 30853 | Orc:2    | Identified a +0 falchion
 30853 | Orc:2    | Identified a +0 ring mail
 30869 | Orc:2    | Found a roughly hewn altar of Beogh.
 30869 | Orc:2    | Identified a +0 flail
 30869 | Orc:2    | Identified a +0 ring mail
 30870 | Orc:2    | Identified a +0 falchion
 30870 | Orc:2    | Identified a +0 chain mail
 30870 | Orc:2    | Identified a +0 flail of holy wrath
 30870 | Orc:2    | Identified a +0 leather armour
 30870 | Orc:2    | Identified a +0 dagger
 30870 | Orc:2    | Identified a +0 robe
 30875 | Orc:2    | Identified a +0 flail
 30875 | Orc:2    | Identified a +4 chain mail
 30876 | Orc:2    | Identified a +0 dagger
 30876 | Orc:2    | Identified a +0 robe
 30883 | Orc:2    | Found Osuemp Cous's Antique Armour Emporium.
 30891 | Orc:2    | Bought a shiny kite shield for 262 gold pieces
 30901 | Orc:2    | Identified a +2 kite shield of poison resistance (You
                  | bought it in a shop on level 2 of the Orcish Mines)
 30982 | Orc:2    | Identified a cursed -3 trident
 30982 | Orc:2    | Identified a +0 chain mail
 30983 | Orc:2    | Found a roughly hewn altar of Beogh.
 30983 | Orc:2    | Identified a +0 hand axe
 30983 | Orc:2    | Identified a +0 whip
 31011 | Orc:2    | Found a roughly hewn altar of Beogh.
 31011 | Orc:2    | Identified a +0 club
 31011 | Orc:2    | Identified a +0 war axe
 31011 | Orc:2    | Identified a +0 leather armour
 31012 | Orc:2    | Identified a +0 long sword
 31012 | Orc:2    | Identified a +0 chain mail
 31132 | Orc:2    | Identified a +0 halberd
 31132 | Orc:2    | Identified a +0 chain mail
 31132 | Orc:2    | Identified a +0 leather armour
 31132 | Orc:2    | Identified a +0 vorpal flail
 31132 | Orc:2    | Identified a +0 ring mail
 31132 | Orc:2    | Identified a +0 hand axe
 31132 | Orc:2    | Identified a +0 chain mail
 31135 | Orc:2    | Identified a +0 morningstar
 31140 | Orc:2    | Identified a +0 dagger
 31140 | Orc:2    | Identified a +0 scale mail
 31141 | Orc:2    | Identified a +0 halberd
 31141 | Orc:2    | Identified a +0 plate armour
 31141 | Orc:2    | Identified a +0 dagger
 31141 | Orc:2    | Identified a +0 scale mail
 31141 | Orc:2    | Identified a +0 battleaxe
 31141 | Orc:2    | Identified a +0 chain mail
 31142 | Orc:2    | Identified a +0 hand axe
 31142 | Orc:2    | Identified a +0 dagger
 31142 | Orc:2    | Identified a +0 robe
 31143 | Orc:2    | Identified a +0 mace
 31146 | Orc:2    | Reached skill level 3 in Shields
 31152 | Orc:2    | Identified a +0 flail of protection
 31153 | Orc:2    | Identified a +0 dagger
 31153 | Orc:2    | Identified a +0 robe
 31154 | Orc:2    | Identified a +0 war axe
 31154 | Orc:2    | Identified a +0 plate armour
 31154 | Orc:2    | Identified a +0 long sword
 31154 | Orc:2    | Identified a +0 chain mail
 31154 | Orc:2    | Identified a +0 tower shield
 31154 | Orc:2    | Noticed an orc warlord
 31156 | Orc:2    | Identified a +0 flail
 31156 | Orc:2    | Identified a +0 leather armour
 31157 | Orc:2    | Identified a +0 club
 31160 | Orc:2    | Identified a +1 dagger of venom
 31160 | Orc:2    | Identified a +0 robe
 31160 | Orc:2    | Reached XP level 16. HP: 111/122 MP: 11/28
 31166 | Orc:2    | Reached skill level 4 in Shields
 31227 | Orc:2    | Identified a +0 war axe
 31227 | Orc:2    | Identified a +0 scimitar
 31227 | Orc:2    | Identified a +0 plate armour
 31227 | Orc:2    | Identified a +0 mace
 31244 | Orc:2    | Identified a +0 dagger
 31244 | Orc:2    | Identified a +0 ring mail
 31244 | Orc:2    | Identified a +0 long sword
 31244 | Orc:2    | Identified a cursed +0 plate armour
 31259 | Orc:2    | Found Axti's Antique Armour Shop.
 31261 | Orc:2    | Found Tezekag's Antique Weapon Boutique.
 31263 | Orc:2    | Found a roughly hewn altar of Beogh.
 31271 | Orc:2    | Identified a +0 scimitar
 31271 | Orc:2    | Identified a +0 plate armour
 31271 | Orc:2    | Identified a +0 dagger
 31271 | Orc:2    | Identified a +0 robe
 31271 | Orc:2    | Identified a +0 hand axe
 31279 | Orc:2    | Reached skill level 5 in Shields
 31405 | Orc:2    | Bought a book of Unlife for 910 gold pieces
 31451 | Elf:1    | Entered Level 1 of the Elven Halls
 31453 | Elf:1    | Identified a +0 long sword
 31453 | Elf:1    | Identified a +0 short sword
 31467 | Elf:1    | Identified a +0 dagger
 31472 | Elf:1    | Identified a +2 hand axe of freezing
 31475 | Elf:1    | Identified a +0 short sword
 31477 | Elf:1    | Reached skill level 6 in Shields
 31483 | Elf:1    | Identified a +0 short sword
 31502 | Elf:1    | Identified a +0 vorpal scimitar
 31572 | Elf:1    | Identified a +0 short sword
 31596 | Elf:1    | Found Poumaot's General Store.
 31619 | Elf:1    | Bought a scroll of acquirement for 780 gold pieces
 31619 | Elf:1    | Acquired the ring "Edueshrekk" {rC+ rN+ MR- Str+3 Slay+3}
 31630 | Elf:1    | Identified a +0 dagger
 31630 | Elf:1    | Identified a +0 leather armour
 31630 | Elf:1    | Noticed a deep elf sorcerer
 31630 | Elf:1    | Identified a +0 short sword of speed
 31630 | Elf:1    | Identified a +0 longbow
 31630 | Elf:1    | Identified a +0 leather armour
 31630 | Elf:1    | Identified a +0 long sword
 31630 | Elf:1    | Identified a +0 leather armour
 31632 | Elf:1    | Identified a +0 long sword of holy wrath
 31632 | Elf:1    | Noticed a deep elf sorcerer
 31636 | Elf:1    | Reached skill level 7 in Shields
 31640 | Elf:1    | Cast into level 2 of the Abyss (a deep elf sorcerer)
 31697 | Abyss:2  | Noticed a lich
 31716 | Abyss:2  | Noticed a tentacled starspawn
 31717 | Abyss:2  | Identified a +0 long sword
 31719 | Abyss:2  | Identified a +2 vorpal long sword
 31719 | Abyss:2  | Identified a +0 short sword
 31719 | Abyss:2  | Identified a +0 shortbow
 31719 | Abyss:2  | Identified a +2 leather armour of poison resistance
 31723 | Abyss:2  | HP: 6/122 [lich/bolt of acid (53)]
 31723 | Abyss:2  | Splashed by a lich's acid

Table legend:
 A = Turns spent in this place as a percentage of turns spent in the entire game.
 B = Non-inter-level travel turns spent in this place as a percentage of non-inter-level travel turns spent in the entire game.
 C = Inter-level travel turns spent in this place as a percentage of turns spent in this place.
 D = Turns resting spent in this place as a percentage of non-inter-level travel turns spent in this place.
 E = Turns spent auto-exploring this place as a percentage of non-inter-level travel turns spent in this place.
 F = Non-inter-level travel turns spent in this place divided by the number of levels of this place that you've seen.
                   A       B       C       D       E      F
               +-------+-------+-------+-------+-------+----------------------
         Total | 100.0 | 100.0 |   4.8 |   9.6 |  65.1 | 1258.1
       Dungeon |  63.6 |  63.0 |   5.7 |  12.7 |  62.1 | 1463.3
        Temple |   0.3 |   0.3 |   7.8 |   0.0 |  89.4 |  94.0
          Lair |  28.3 |  28.7 |   3.5 |   4.2 |  74.9 | 1445.0
  Orcish Mines |   6.9 |   7.1 |   2.1 |   3.6 |  56.7 | 1067.5
   Elven Halls |   0.6 |   0.6 |   0.0 |  21.2 |  22.8 | 189.0
         Abyss |   0.3 |   0.3 |   0.0 |   0.0 |   0.0 |  83.0
               +-------+-------+-------+-------+-------+----------------------

Table legend:
 A = Kills in this place as a percentage of kills in entire the game.
 B = Kills by you in this place as a percentage of kills by you in the entire game.
 C = Kills by friends in this place as a percentage of kills by friends in the entire game.
 D = Other kills in this place as a percentage of other kills in the entire game.
 E = Experience gained in this place as a percentage of experience gained in the entire game.
 F = Experience gained in this place divided by the number of levels of this place that you have seen.
                   A       B       C       D       E      F
               +-------+-------+-------+-------+-------+----------------------
         Total | 100.0 | 100.0 |   N/A | 100.0 | 100.0 | 4882.8
       Dungeon |  52.3 |  52.2 |   N/A |  66.7 |  29.7 | 2673.8
          Lair |  27.6 |  27.8 |   N/A |   0.0 |  51.9 | 10133.3
  Orcish Mines |  18.8 |  18.9 |   N/A |   0.0 |  13.3 | 7791.0
   Elven Halls |   1.2 |   0.9 |   N/A |  33.3 |   5.1 | 6005.0
         Abyss |   0.1 |   0.1 |   N/A |   0.0 |   0.0 |  40.0
               +-------+-------+-------+-------+-------+----------------------

Skill      XL: |  1  2  3  4  5  6  7  8  9 10 11 12 13 14 15 16 |
---------------+-------------------------------------------------+-----
Poison Magic   | 5 6 7 8 9 |  9.3
Polearms       | 1 2 3 5 6 8 10 11 13 14 | 14.0
Spellcasting   | 4 6 8 |  8.1
Conjurations   | 2 5 7 8 |  8.4
Evocations     | 1 5 |  5.1
Hexes          | 5 6 8 |  8.0
Fighting       | 4 5 7 10 | 10.0
Armour         | 5 7 |  7.3
Dodging        | 3 5 |  5.0
Shields        | 2 3 7 |  7.1
Stealth        | 6 7 |  7.5
Earth Magic    | 7 10 | 10.2
Transmutations | 5 |  5.9

Action                   |  1- 3 |  4- 6 |  7- 9 | 10-12 | 13-15 | 16-18 || total
-------------------------+-------+-------+-------+-------+-------+-------++-------
Melee: Unarmed           |     5 |       |       |       |       |       ||     5
       Short sword       |    31 |       |       |       |       |       ||    31
       Spear             |    17 |    79 |   256 |       |       |       ||   352
       Halberd           |       |     3 |       |       |       |       ||     3
       Trident           |       |       |   109 |   669 |   626 |       ||  1404
       Demon trident     |       |       |       |       |   174 |    45 ||   219
 Cast: Sting             |    23 |    23 |    17 |     3 |       |       ||    66
       Poisonous Vapours |     2 |    15 |    47 |    43 |   112 |     9 ||   228
       Mephitic Cloud    |       |       |     7 |    10 |     4 |       ||    21
       Olgreb's Toxic Ra |       |       |     7 |    50 |    89 |     7 ||   153
       Ignite Poison     |       |       |     1 |     2 |    31 |     5 ||    39
       Fulminant Prism   |       |       |       |    30 |    79 |       ||   109
       Stone Arrow       |       |       |       |       |    62 |     4 ||    66
       Lee's Rapid Decon |       |       |       |       |    10 |       ||    10
       Petrify           |       |       |       |       |    12 |       ||    12
Invok: Call Merchant     |       |       |       |     1 |     2 |     1 ||     4
       Potion Petition   |       |       |       |       |       |     1 ||     1
 Abil: Dig               |       |       |     4 |     5 |     3 |       ||    12
Evoke: Wand              |       |       |    12 |    15 |    25 |       ||    52
       Tin of tremorston |       |       |       |       |     1 |       ||     1
  Use: Scroll            |       |     3 |     3 |     7 |    10 |     1 ||    24
       Potion            |       |       |       |     3 |     3 |     1 ||     7
 Stab: Sleeping          |     2 |     4 |     3 |     3 |     9 |     1 ||    22
       Confused          |       |       |     3 |     1 |     5 |       ||     9
       Distracted        |       |       |     1 |     4 |     3 |       ||     8
       Paralysed         |       |       |     2 |     5 |     4 |       ||    11
       Petrified         |       |       |       |       |    21 |       ||    21
  Eat: Ration            |     1 |     2 |     4 |     9 |    11 |       ||    27
Armor: Robe              |    14 |    16 |    58 |    15 |       |       ||   103
       Leather armour    |       |       |       |   148 |   136 |    11 ||   295
Dodge: Dodged            |    40 |    58 |   183 |   332 |   385 |    13 ||  1011
Block: Buckler           |       |       |       |    21 |   128 |     3 ||   152

Vanquished Creatures
  Rupert (D:12)
  Gastronok (D:12)
  2 orc warlords
  A stone giant (Orc:1)
  9 hydras
  Harold (D:8)
  3 two-headed ogres
  A sun demon (Lair:6)
  A deep elf knight (Elf:1)
  A flayed ghost (D:11)
  A wizard (Lair:6)
  An unseen horror (D:13)
  An orc knight (Orc:1)
  A cyclops (Orc:1)
  The ghost of hemabe71 the Charlatan, a novice HuAr (D:6)
  4 orc sorcerers
  2 ugly things
  6 deep elf magi (Elf:1)
  19 elephants
  6 black mambas
  A manticore (D:12)
  A centaur zombie (D:8)
  2 torpor snails
  2 guardian serpents (D:10)
  An orange demon (Lair:6)
  A gargoyle (D:10)
  19 cane toads
  6 rime drakes (Lair:6)
  4 ice devils (Lair:6)
  Maggie (D:8)
  4 komodo dragons
  A hellwing (Lair:6)
  A red devil (Lair:6)
  4 trolls
  2 polar bears
  9 blink frogs
  2 bog bodies (Lair:2)
  3 dream sheep (Lair:6)
  A redback (Lair:2)
  10 hippogriffs
  3 shadows
  5 wraiths
  A wyvern (Lair:4)
  Sigmund (D:2)
  A human (D:8)
  A water elemental (D:11)
  A vampire (D:9)
  57 yaks
  A basilisk (Lair:1)
  10 fire bats (D:11)
  Menkaure (D:5)
  7 wargs
  A soldier ant (D:11)
  2 hell hounds (Lair:6)
  12 water moccasins
  17 porcupines
  32 orc warriors
  3 sky beasts
  3 black bears
  5 ice beasts
  15 ogres
  3 necrophages
  8 centaurs
  A phantom (D:4)
  14 crocodiles
  17 wolves
  The ghost of anet the Grave Robber, an amateur DENe (D:4)
  3 big kobolds
  Blork the orc (D:6)
  23 bullfrogs
  A wyvern skeleton (D:10)
  A water moccasin skeleton (D:9)
  4 scorpions
  9 killer bees
  8 wights
  5 jellies
  6 howler monkeys
  3 electric eels (D:11)
  A bullfrog zombie (D:5)
  6 hounds
  19 orc priests
  A centaur skeleton (D:4)
  An iron imp (Abyss:2)
  25 orc wizards
  3 bullfrog skeletons
  Terence (D:2)
  6 iguanas
  6 worker ants
  A hound zombie (D:10)
  2 hound skeletons
  A worker ant zombie (D:6)
  3 gnolls (D:3)
  16 adders
  A howler monkey skeleton (D:5)
  A shadow imp (D:10)
  3 white imps
  3 ufetubi
  2 adder zombies
  An adder skeleton (D:7)
  4 worms
  A dart slug (D:2)
  5 leopard geckos
  113 orcs
  5 giant cockroaches
  7 goblins
  5 hobgoblins
  7 jackals
  15 kobolds
  A quokka (D:8)
  2 ball pythons
  68 bats
  10 frilled lizards
  A jackal skeleton (D:4)
  A leopard gecko skeleton (D:9)
  2 quokka skeletons
  A quokka zombie (D:7)
  3 rats
779 creatures vanquished.

Vanquished Creatures (others)
  2 dancing weapons (Elf:1)
  A hell hound (Lair:6)
  A worker ant zombie (D:8)
  An orc (D:8)
  109 fulminant prisms
  10 fungi
  8 plants
  A starspawn tentacle (Abyss:2)
133 creatures vanquished.

Grand Total: 912 creatures vanquished
